 Dungeon Crawl Stone Soup version 0.19-a0-644-gd04d753 (webtiles) character file.

297418 Kenran the Brawler (level 20, -2/184 HPs)
             Began as a Ghoul Fighter on June 13, 2016.
             Was the Champion of Makhleb.
             Killed from afar by a deep elf sorcerer (29 damage)
             ... with damnation
             ... on level 3 of the Elven Halls on June 14, 2016.
             The game lasted 02:21:42 (39758 turns).

Kenran the Brawler (Ghoul Fighter)                 Turns: 39758, Time: 02:21:42

Health: -2/184     AC: 32    Str: 28    XL:     20   Next: 93%
Magic:  27/27      EV:  9    Int:  3    God:    Makhleb [******]
Gold:   1267       SH: 15    Dex: 14    Spells: 0 memorised, 19 levels left

rFire  + + .     SeeInvis .       - Unarmed
rCold  + + +     Gourm    .     N - +5 gold dragon armour
rNeg   + + +     Faith    .     R - +0 shield {reflect}
rPois  ∞         Spirit   .     c - +0 helmet of the Hot Ocelot {rF+ rC++ MR+}
rElec  .         Dismiss  .     o - +0 cloak
rCorr  .         Reflect  +     (no gloves)
SustAt .         Harm     .     g - +1 pair of boots
MR     +++..                    f - amulet of regeneration
Stlth  ..........               M - ring of protection from magic
                                e - +5 ring of strength

@: about to teleport, rotting, extremely resistant to hostile enchantments,
extremely unstealthy
A: rotting body, claws 1, carnivore 3, cold resistance 1, negative energy
resistance 3, slow regeneration 1, torment resistance, unbreathing
a: Minor Destruction, Lesser Servant of Makhleb, Major Destruction, Greater
Servant of Makhleb, Renounce Religion
}: 2/15 runes: serpentine, barnacled


You were on level 3 of the Elven Halls.
You worshipped Makhleb.
Makhleb was exalted by your worship.
You were not hungry.

You visited 7 branches of the dungeon, and saw 35 of its levels.
You visited the Abyss 1 time.
You also visited: Labyrinth, Ossuary, Bailey and Ice Cave.

You collected 2915 gold pieces.
You spent 1648 gold pieces at shops.

Inventory:

Missiles
 G - 35 tomahawks of returning (quivered)
Armour
 c - the +0 helmet of the Hot Ocelot (worn) {rF+ rC++ MR+}
   (You bought it in a shop on level 2 of the Orcish Mines)

   It protects you from fire.
   It greatly protects you from cold.
   It affects your resistance to hostile enchantments.
 g - a +1 pair of boots (worn)
 o - a +0 cloak (worn)
 N - a +5 gold dragon armour (worn)
 R - a +0 shield of reflection (worn)
Rods
 U - a +1 rod of ignition (9/9) {!a}
   (You found it on level 14 of the Dungeon)
Jewellery
 e - a +5 ring of strength (left claw)
 f - an amulet of regeneration (around neck)
 r - the ring of a Hundred Stars {rElec rC+++ MP+9 AC+2 Dex-4}
   (You acquired it on level 3 of the Snake Pit)

   [ring of protection]

   It affects your AC (+2).
   It affects your dexterity (-4).
   It renders you almost immune to cold.
   It insulates you from electricity.
   It affects your magic capacity (+9).
 w - an uncursed amulet of dismissal {unknown}
 B - an uncursed ring of protection from fire
 C - an uncursed ring of resist corrosion
 I - a cursed amulet of dismissal {unknown}
 M - a ring of protection from magic (right claw)
Wands
 i - a wand of disintegration (12/24)
 z - a wand of slowing (24/48)
 P - a wand of teleportation (4/9) {@v4}
 T - a wand of teleportation (3/9) {@v4}
 V - a wand of random effects (18/48)
 W - a wand of slowing (17/48)
Scrolls
 a - 10 scrolls of recharging
 m - 2 scrolls of immolation {!r}
 n - 2 scrolls of torment
 p - 11 scrolls of remove curse {@r2}
 s - 3 scrolls of blinking
 u - 2 scrolls of teleportation {@r4}
 v - 6 scrolls of magic mapping
 y - 5 scrolls of fear
 E - 2 scrolls of fog
 X - a scroll of identify {@r1}
Potions
 h - a potion of resistance
 j - 2 potions of brilliance
 k - 14 potions of curing {@q1}
 l - 2 potions of ambrosia
 q - 2 potions of heal wounds {@q2}
 x - 3 potions of flight
 A - 2 potions of agility
 F - a potion of cancellation
 H - 3 potions of haste {@q3}
 J - 6 potions of might
 K - a potion of invisibility
 L - 2 potions of cure mutation {unknown}
 S - a potion of magic
 Y - a potion of beneficial mutation {unknown}
Miscellaneous
 t - a phial of floods
 D - a fan of gales
 O - a phantom mirror
 Q - a disc of storms
Comestibles
 b - 2 chunks of flesh
 d - 16 meat rations {@e1}


   Skills:
 - Level 17.1 Fighting
 - Level 17.0 Armour
 - Level 6.2 Dodging
 - Level 15.0 Shields
 + Level 20.0 Unarmed Combat
 - Level 11.1 Invocations


You had 19 spell levels left.
You didn't know any spells.

Dungeon Overview and Level Annotations

Branches:
Dungeon (15/15)            Temple (1/1) D:6            Lair (6/6) D:10
 Shoals (4/4) Lair:2        Snake (4/4) Lair:4        Slime (0/5) Lair:6
    Orc (2/2) D:10            Elf (3/3) Orc:2        Vaults (0/5) D:14
 Depths (0/5) D:15

Altars:
Ashenzari
Cheibriados
Dithmenos
Elyvilon
Fedhas
Gozag
Hepliaklqana
Kikubaaqudgha
Makhleb
Nemelex Xobeh
Okawaru
Pakellas
Qazlal
Ru
Sif Muna
Trog
Uskayaw
Vehumet
Xom
Yredelemnul
Zin
The Shining One
Beogh

Shops:
D:4 *(   D:5 ?}=   D:10 (   D:15 *   Orc:2 **(=[   Elf:3 %   Shoals:3 [
Snake:2 [

Portals:
Bazaar: Snake:1
Trove: D:14 (give wand of hasting (9))

Annotations:
D:8 therealpatrickswayze's ghost, novice OgHu
D:12 exclusion: orc wizard
Snake:1 exclusion: obsidian statue


Innate Abilities, Weirdness & Mutations

Your body is rotting away.
You thrive on raw meat.
You are immune to poison.
You have sharp fingernails.
You are carnivorous and can eat meat at any time.
Your flesh is cold resistant. (rC+)
You are immune to negative energy. (rN+++)
You regenerate slowly when monsters are visible.
You are immune to unholy pain and torment.
You can survive without breathing.


Message History

The deep elf annihilator gestures at you while chanting.
The crystal spear hits you!
Unknown command.
The deep elf annihilator casts a spell.
The deep elf annihilator blinks!
The deep elf sorcerer gestures at you while chanting.
The bolt of acid hits you!
The acid burns!
The deep elf annihilator hits you but does no damage.
You hear a shout!
The deep elf annihilator points at you and mumbles some strange words.
The crystal spear hits you!
* * * LOW HITPOINT WARNING * * *
As you read the scroll of teleportation {@r4}, it crumbles to dust.
You feel strangely unstable.
You block the deep elf annihilator's attack.
The deep elf annihilator casts a spell.
The deep elf annihilator blinks!
The deep elf sorcerer points at you and mumbles some strange words.
The sphere of damnation explodes!
The damnation engulfs you!
You die...

#..#...#.#.......#.....## ##..# #
....###.##......?.......###..##
...#.#..#.##...#####.....#..#####
##.[.............# ###.....).....
#######..#.#..##.# ##...#.#####
.## # #..#.#..##.# #...#..# ..
.........#.#.....# #...#.#.. .
.#.......#.#.###.######....###.#
#........#.#.###@#)..)..e.## #..
.........#.........ee))..## #.
###......#######.#....)...# #
#....# ▒▒####▒▒.▒▒# ##.. .. ▒...▒
##.## .# ▒.)...▒ #.####.##
▒..§⌠...▒ .##.....# ▒▒..e..▒▒
.##..# .# ▒▒...▒▒


You could see a deep elf annihilator and a deep elf sorcerer.

Vanquished Creatures
  Vashnia (Snake:2)
  A deep elf blademaster (Elf:2)
  A kraken (Shoals:4)
  11 greater nagas
  Ilsuiw (Shoals:3)
  A deep elf sorcerer (Elf:1)
  Donald (Shoals:2)
  A frost giant (IceCv)
  An orc warlord (Orc:2)
  Maud (Lair:5)
  3 deep elf demonologists (Elf:3)
  3 deep elf annihilators
  9 merfolk impalers
  2 deep elf death magi
  A minotaur (Lab)
  3 merfolk javelineers (Shoals:4)
  The ghost of vetinari the Basher, a journeyman VSMo of Ru (Lair:4)
  A yaktaur captain (D:15)
  Josephine (Shoals:1)
  13 naga warriors
  3 hydras
  Fannar (D:10)
  2 vault guards (D:14)
  6 centaur warriors
  3 merfolk aquamancers
  4 catoblepae
  A death knight (D:14)
  11 anacondas
  4 satyrs
  A queen ant (Lair:5)
  22 dancing weapons
  2 tengu warriors (D:15)
  25 death yaks
  2 ogre magi (D:15)
  17 naga sharpshooters
  Urug (Lair:1)
  9 shock serpents
  9 slime creatures
  14 deep elf knights
  7 salamander mystics
  2 unseen horrors
  9 sea snakes
  13 deep elf archers
  9 hill giants
  13 naga ritualists
  18 mana vipers
  27 harpies
  5 orc knights
  9 griffons
  6 ugly things
  A necromancer (D:14)
  51 deep elf magi
  4 wizards
  4 orc sorcerers
  7 manticores
  20 salamanders
  A worldbinder (Abyss:3)
  21 fauns
  4 cyclopes
  3 elephants (Lair:6)
  21 naga magi
  A smoke demon (Elf:2)
  14 sirens
  41 black mambas
  A torpor snail (Lair:6)
  9 water nymphs
  10 guardian serpents
  A gargoyle (D:13)
  10 spiny frogs
  3 rime drakes
  7 komodo dragons
  3 yaktaurs
  3 tengu conjurers
  22 merfolk
  4 trolls
  3 wind drakes
  Grinder (D:4)
  11 polar bears (IceCv)
  6 two-headed ogres
  13 blink frogs
  8 snapping turtles
  11 water elementals
  4 wyverns
  5 wraiths (Shoals:1)
  3 air elementals
  A wyvern (shapeshifter) (Elf:1)
  74 yaks
  3 hungry ghosts
  2 fire elementals (Elf:1)
  17 humans (D:14)
  2 basilisks
  A mottled dragon (D:15)
  8 hippogriffs
  8 wargs
  Menkaure (D:4)
  20 soldier ants
  74 nagas
  13 water moccasins
  5 porcupines
  7 ice beasts
  A meliai simulacrum (D:15)
  2 sky beasts
  28 orc warriors
  A black bear (D:10)
  2 wasps
  A necrophage (D:12)
  18 ogres
  A phantom (D:13)
  14 centaurs
  A boggart (Elf:1)
  21 wolves
  11 crocodiles
  15 giant frogs
  4 earth elementals
  3 scorpions
  8 wights
  A howler monkey (D:6)
  2 crimson imps
  A wasp zombie (D:6)
  4 centaur zombies
  2 quasits
  A hound (D:7)
  2 jellies (D:8)
  19 orc priests
  12 centaur skeletons
  18 orc wizards
  4 giant frog skeletons
  A human zombie (Ossuary)
  10 iguanas
  33 worker ants
  A hell rat (D:10)
  3 big kobold zombies (Ossuary)
  12 sheep
  3 hound zombies
  2 hound skeletons
  4 mummies (Ossuary)
  A worker ant zombie (D:8)
  10 gnolls
  26 river rats
  12 adders
  2 shadow imps
  An ooze (D:3)
  3 adder zombies
  An adder skeleton (D:11)
  3 dart slugs
  5 giant geckos (D:2)
  67 orcs
  2 ball pythons
  4 bats
  4 giant cockroaches
  A gnoll zombie (Ossuary)
  8 goblins
  15 hobgoblins
  6 jackals
  A quokka (D:10)
  2 giant gecko zombies
  5 giant newts
  A hobgoblin zombie (Ossuary)
  A jackal zombie (Ossuary)
  11 kobolds
  An orc zombie (Ossuary)
  9 rats
  2 rat zombies (Ossuary)
  A fungus (Elf:2)
  5 tentacles (Shoals:4)
1355 creatures vanquished.

Vanquished Creatures (collateral kills)
  An orc high priest (Orc:2)
1 creature vanquished.

Vanquished Creatures (others)
  A deep elf elementalist (Elf:1)
  2 merfolk javelineers
  A naga sharpshooter (Snake:4)
  A deep elf mage (Elf:1)
  A manticore (Shoals:3)
  A faun (Shoals:4)
  A naga mage (Snake:3)
  A polar bear (IceCv)
  A black mamba zombie (Abyss:3)
  A fire elemental (Elf:2)
  A centaur (Shoals:4)
  A bush (Lair:5)
  15 fungi
  46 plants
  12 tentacles (Shoals:4)
  1604 tentacle segments (Shoals:4)
1690 creatures vanquished.

Grand Total: 3046 creatures vanquished

Notes
Turn   | Place    | Note
--------------------------------------------------------------
     0 | D:1      | Kenran the Ghoul Fighter began the quest for the Orb.
     0 | D:1      | Reached XP level 1. HP: 19/19 MP: 0/0
   150 | D:1      | Reached XP level 2. HP: 22/26 MP: 1/1
   170 | D:1      | Reached skill level 3 in Unarmed Combat
   634 | D:2      | Reached XP level 3. HP: 30/31 MP: 2/2
   762 | D:2      | Reached skill level 4 in Unarmed Combat
  1096 | D:2      | Reached XP level 4. HP: 33/38 MP: 3/3
  1251 | D:2      | Found a hazy altar of Hepliaklqana.
  1499 | D:3      | Found a faded altar of an unknown god.
  1763 | D:3      | Reached skill level 5 in Unarmed Combat
  1776 | D:3      | Found a stormy altar of Qazlal.
  2278 | D:4      | Noticed an ogre
  2292 | D:4      | Killed an ogre
  2292 | D:4      | Reached skill level 6 in Unarmed Combat
  2292 | D:4      | Reached XP level 5. HP: 38/44 MP: 4/4
  2305 | D:4      | Found an opulent altar of Gozag.
  2332 | D:4      | Found Kusomos's Assorted Antiques.
  2340 | D:4      | Bought a scroll of identify for 62 gold pieces
  2350 | D:4      | Bought a scroll labeled IPTOKI WYJESCH for 31 gold pieces
  2473 | D:4      | Noticed Menkaure
  2484 | D:4      | Killed Menkaure
  2484 | D:4      | Reached skill level 7 in Unarmed Combat
  2484 | D:4      | Reached XP level 6. HP: 32/50 MP: 5/5
  2780 | D:4      | Noticed Grinder
  2795 | D:4      | Paralysed by Grinder for 5 turns
  2804 | D:4      | Paralysed by Grinder for 4 turns
  2813 | D:4      | Killed Grinder
  2813 | D:4      | Reached skill level 8 in Unarmed Combat
  2813 | D:4      | Reached XP level 7. HP: 50/57 MP: 6/6
  2874 | D:4      | Found Nerotu's Antique Weapon Boutique.
  3304 | D:5      | Entered Level 5 of the Dungeon
  3399 | D:5      | Reached skill level 9 in Unarmed Combat
  3463 | D:5      | Found a shadowy altar of Dithmenos.
  3523 | D:5      | Found a snail-covered altar of Cheibriados.
  3619 | D:5      | Found Raufre Iwkot's Magic Scroll Boutique.
  3761 | D:5      | Found Emuddipn's Jewellery Boutique.
  3829 | D:5      | Found Ucel Faaty's Gadget Shop.
  3872 | D:6      | Found a radiant altar of Vehumet.
  3883 | D:5      | Reached XP level 8. HP: 43/63 MP: 7/7
  4151 | D:6      | Found a staircase to the Ecumenical Temple.
  4269 | D:6      | Reached skill level 10 in Unarmed Combat
  4451 | D:7      | Found an oddly glowing altar of Pakellas.
  4712 | D:7      | Found a sand-covered staircase.
  4730 | Ossuary  | Entered an ossuary
  4756 | Ossuary  | Reached skill level 11 in Unarmed Combat
  4756 | Ossuary  | Reached XP level 9. HP: 69/70 MP: 8/8
  5139 | Temple   | Entered the Ecumenical Temple
  5558 | D:7      | Reached skill level 12 in Unarmed Combat
  5736 | D:8      | Noticed therealpatrickswayze's ghost (novice OgHu)
  7009 | D:9      | Reached skill level 5 in Fighting
  7100 | D:9      | Noticed a hill giant
  7116 | D:8      | Killed a hill giant
  7133 | D:9      | Reached XP level 10. HP: 68/84 MP: 9/9
  7240 | D:9      | Found a shattered altar of Ashenzari.
  7241 | D:9      | Found a deep blue altar of Sif Muna.
  7241 | D:9      | Found an oddly glowing altar of Pakellas.
  7257 | D:9      | Found a burning altar of Makhleb.
  7257 | D:9      | Found a shimmering altar of Xom.
  7257 | D:9      | Found a white marble altar of Elyvilon.
  7266 | D:9      | Found a bloodstained altar of Trog.
  7271 | D:9      | Became a worshipper of Makhleb the Destroyer
  7505 | D:9      | Found a flagged portal.
  7514 | Bailey   | Entered a bailey
  7557 | Bailey   | Noticed Kenran's ghost (novice DDBe)
  7591 | Bailey   | Reached * piety under Makhleb
  8048 | D:9      | Noticed a centaur warrior
  8063 | D:9      | Reached skill level 10 in Fighting
  8218 | D:9      | Killed a centaur warrior
  8218 | D:9      | Reached skill level 13 in Unarmed Combat
  8386 | D:9      | Found a sacrificial altar of Ru.
  8544 | D:10     | Entered Level 10 of the Dungeon
  8589 | D:10     | Found a staircase to the Lair.
  8636 | D:10     | Noticed a hill giant
  8650 | D:10     | Killed a hill giant
  8650 | D:10     | Reached skill level 5 in Armour
  8650 | D:10     | Reached XP level 11. HP: 51/99 MP: 10/10
  8710 | D:10     | Noticed an orc knight
  8714 | D:10     | Noticed an orc knight
  9030 | D:9      | Killed an orc knight
  9064 | D:9      | Killed an orc knight
  9064 | D:9      | Reached ** piety under Makhleb
  9140 | D:10     | Found a roughly hewn altar of Beogh.
  9142 | D:10     | Found a staircase to the Orcish Mines.
  9261 | D:10     | Noticed Fannar
  9273 | D:10     | Noticed a hill giant
  9409 | D:10     | Found Juhihucaow's Weapon Shop.
  9428 | D:10     | Killed a hill giant
  9473 | D:10     | Killed Fannar
  9473 | D:10     | Reached skill level 5 in Shields
 10270 | Lair:1   | Entered Level 1 of the Lair of Beasts
 10279 | Lair:1   | Reached *** piety under Makhleb
 10739 | Lair:1   | Noticed Urug
 10783 | Lair:1   | Reached XP level 12. HP: 32/106 MP: 11/11
 10946 | Lair:1   | Noticed a five-headed hydra
 10959 | Lair:1   | Killed Urug
 10959 | Lair:1   | Reached skill level 14 in Unarmed Combat
 10964 | Lair:1   | Killed a five-headed hydra
 11480 | Lair:2   | Found a staircase to the Shoals.
 11480 | Lair:2   | Noticed a catoblepas
 11492 | Lair:1   | Killed a catoblepas
 11612 | Lair:1   | Reached skill level 15 in Unarmed Combat
 11654 | Lair:1   | Reached **** piety under Makhleb
 11779 | Lair:2   | Noticed a five-headed hydra
 11792 | Lair:1   | Killed a five-headed hydra
 13700 | Lair:4   | Found a staircase to the Snake Pit.
 14156 | Lair:4   | Noticed vetinari's ghost (journeyman VSMo)
 14492 | Lair:4   | Killed vetinari's ghost
 14603 | Lair:5   | Reached XP level 13. HP: 114/114 MP: 12/12
 14777 | Lair:5   | Reached ***** piety under Makhleb
 15588 | Lair:5   | Reached ****** piety under Makhleb
 15830 | Lair:6   | Entered Level 6 of the Lair of Beasts
 15830 | Lair:6   | Noticed Maud
 15864 | Lair:5   | Killed Maud
 15927 | Lair:6   | Found a staircase to the Slime Pits.
 15993 | Lair:6   | Reached skill level 16 in Unarmed Combat
 16164 | Lair:6   | Reached skill level 10 in Armour
 16165 | Lair:6   | Reached XP level 14. HP: 76/129 MP: 13/13
 16819 | Lair:6   | Found a hide-covered altar of Uskayaw.
 17075 | Lair:6   | Reached skill level 10 in Shields
 17761 | Orc:1    | Entered Level 1 of the Orcish Mines
 18098 | Orc:1    | Found a frozen archway.
 18113 | IceCv    | Entered an ice cave
 18516 | IceCv    | Noticed a frost giant
 18519 | IceCv    | Reached XP level 15. HP: 135/135 MP: 14/14
 18541 | IceCv    | Killed a frost giant
 19114 | Orc:2    | Entered Level 2 of the Orcish Mines
 19114 | Orc:2    | Found Ijokani's General Store.
 19114 | Orc:2    | Noticed an orc warlord
 19207 | Orc:2    | Found Lunil's Jewellery Shoppe.
 19210 | Orc:2    | Found a staircase to the Elven Halls.
 19243 | Orc:2    | Found a labyrinth entrance.
 19317 | Orc:2    | Killed an orc warlord
 19329 | Orc:2    | Paralysed by an orc sorcerer for 4 turns
 19359 | Lab      | Entered a labyrinth
 20159 | Lab      | Got a pair of encrusted gloves
 20229 | Orc:2    | Bought a scroll of enchant armour for 105 gold pieces
 20368 | Orc:2    | Found Egyfej's Antique Armour Shoppe.
 20456 | Orc:2    | Found Omikh's Antique Weapon Emporium.
 20496 | Orc:2    | Found Nohaanut's Assorted Antiques.
 20520 | Orc:2    | Bought 2 scrolls of identify for 100 gold pieces
 20520 | Orc:2    | Bought a scroll of identify for 50 gold pieces
 20520 | Orc:2    | Bought a scroll of enchant armour for 187 gold pieces
 20520 | Orc:2    | Identified the +1 pair of gloves of Blue Skies {rPois Regen+ rCorr Dex-4} (You found it in a labyrinth)
 20778 | Orc:2    | Bought the +0 helmet of the Hot Ocelot {rF+ rC++ MR+} for 582 gold pieces
 20778 | Orc:2    | Bought a scroll of recharging for 133 gold pieces
 21308 | D:12     | Found a deep blue altar of Sif Muna.
 22168 | D:13     | Found an iron altar of Okawaru.
 22610 | D:13     | Reached skill level 17 in Unarmed Combat
 22721 | D:14     | Found a portal to a secret trove of treasure.
 22966 | D:14     | Reached skill level 1 in Invocations
 23334 | D:14     | Reached skill level 5 in Invocations
 23362 | D:14     | Reached XP level 16. HP: 143/143 MP: 18/18
 23499 | D:14     | Found a gate to the Vaults.
 23656 | D:15     | Entered Level 15 of the Dungeon
 23921 | D:15     | Found Ecwis's General Store.
 23977 | D:15     | Bought a scroll of blinking for 97 gold pieces
 23977 | D:15     | Bought a scroll of identify for 26 gold pieces
 24451 | D:15     | Found a shadowy altar of Dithmenos.
 24775 | D:15     | Found a staircase to the Depths.
 25207 | Snake:1  | Entered Level 1 of the Snake Pit
 25661 | Snake:1  | Reached skill level 15 in Shields
 25767 | Snake:1  | Reached skill level 1 in Dodging
 25880 | Snake:1  | Identified a +1 rod of ignition (9/9) {!a} (You found it on level 14 of the Dungeon)
 26254 | Snake:1  | Found a gateway to a bazaar.
 27004 | Snake:1  | Reached skill level 5 in Dodging
 27225 | Snake:2  | Found Poefupew's Antique Armour Shoppe.
 27298 | Snake:2  | Noticed a greater naga
 27330 | Snake:2  | Killed a greater naga
 27586 | Snake:2  | Reached XP level 17. HP: 96/149 MP: 19/19
 28565 | Snake:3  | Noticed Vashnia
 28634 | Snake:2  | Killed Vashnia
 28634 | Snake:2  | Reached skill level 18 in Unarmed Combat
 28990 | Snake:3  | Reached skill level 19 in Unarmed Combat
 29261 | Snake:3  | Noticed Mara
 29278 | Snake:3  | Noticed Kenran's illusion
 29547 | Snake:3  | Identified 2 scrolls of acquirement
 29552 | Snake:3  | Got a pitted iron ring
 29555 | Snake:3  | Identified the ring of a Hundred Stars {rElec rC+++ MP+9 AC+2 Dex-4} (You acquired it on level 3 of the Snake Pit)
 29956 | Snake:3  | Upgraded the game from 0.19-a0-627-g7ac35de to 0.19-a0-644-gd04d753
 30161 | Shoals:1 | Entered Level 1 of the Shoals
 30356 | Shoals:1 | Noticed Josephine
 30377 | Shoals:1 | Killed Josephine
 30891 | Shoals:1 | Reached XP level 18. HP: 158/159 MP: 20/20
 31022 | Shoals:2 | Noticed Donald
 31055 | Shoals:2 | Killed Donald
 31697 | Shoals:3 | Reached skill level 15 in Fighting
 31750 | Shoals:3 | Found Kaqueghe's Antique Armour Emporium.
 31753 | Shoals:3 | Bought a brightly glowing buckler for 275 gold pieces
 31753 | Shoals:3 | Identified the cursed +0 buckler of Melops {rPois Str-2 Dex+8} (You bought it in a shop on level 3 of the Shoals)
 32614 | Shoals:4 | Entered Level 4 of the Shoals
 32685 | Shoals:4 | Noticed Ilsuiw
 32857 | Shoals:3 | Killed Ilsuiw
 32963 | Shoals:4 | Reached skill level 20 in Unarmed Combat
 33924 | Shoals:3 | Reached XP level 19. HP: 170/170 MP: 24/24
 34048 | Shoals:4 | Got a barnacled rune of Zot
 34132 | Shoals:4 | Got a translucent glass ring
 34155 | Shoals:4 | Reached skill level 10 in Invocations
 34582 | Shoals:4 | Identified the ring of Attitude {rPois rC++ rN+ MR- Int+4} (You found it on level 4 of the Shoals)
 34889 | Snake:4  | Entered Level 4 of the Snake Pit
 36570 | Snake:4  | Got a serpentine rune of Zot
 36971 | Elf:1    | Entered Level 1 of the Elven Halls
 36982 | Elf:1    | Reached XP level 20. HP: 172/184 MP: 27/27
 37805 | Elf:1    | Reached skill level 15 in Armour
 38243 | Elf:2    | Found a runed gate.
 38243 | Elf:2    | Found a runed gate.
 38244 | Elf:2    | Found a runed gate.
 38722 | Elf:2    | You are cast into the Abyss!
 38722 | Elf:2    | Cast into level 3 of the Abyss (hand axe of distortion)
 38761 | Abyss:3  | Noticed a bone dragon
 38776 | Elf:2    | You pass through the gate.
 38776 | Elf:2    | Escaped the Abyss
 39373 | Elf:3    | Entered Level 3 of the Elven Halls
 39445 | Elf:3    | Found Cekkox's Food Shoppe.
 39679 | Elf:3    | Noticed a Brimstone Fiend
 39758 | Elf:3    | Killed from afar by a deep elf sorcerer

Vault maps used:
D:1:      onia_arrival_mini_maze_b
D:2:      lemuel_doored_altar, hangedman_decor_slide_cut, minmay_surrounded
D:3:      grunt_qazlal_sundering, ecumenical_altar_2, first_bread
D:4:      corexii_shack_village, grunt_gozag_statues, serial_shops, shop, shop,
          st_stairs_4, uniq_grinder, uniq_menkaure
D:5:      kennysheep_slug_shrine, overflow_temple_1_default, serial_shops,
          shop_statue, kennysheep_mini, shop_statue
D:6:      minmay_temple_entry_from_below_a, basic_altar, minmay_misc_feat_room
D:7:      nicolae_ossuary_entry_ruins, johnstein_pakellas_death_squad
D:8:      nicolae_overflow_crystal_walls, grunt_pizzeria
D:9:      grunt_temple_overflow_open, nicolae_ru_the_path_less_chosen,
          enter_bailey_2
D:10:     dpeg_lair_monsters, david_orc_5, serial_shops, shop,
          minmay_misc_feat_more_columns, uniq_fannar
D:12:     statue_in_the_mist_lemuel, led_sif_book
D:13:     basic_altar, hex_large
D:14:     hangedman_arrow_trap, grunt_vaults_entry_tiered,
          nicolae_trove_entry_free_sample, kennysheep_another_room
D:15:     grunt_enter_depths_snipers, serial_park_central, serial_shops, shop,
          grunt_dithmenos_smoke_and_mirrors
Temple:   minmay_temple_curvy_8
Lair:1:   serial_bayou_pond_b, grunt_forest_stairs_basic, beast_lair_carwin_11,
          uniq_urug
Lair:2:   minmay_shoals_entry_beasts, hibernation_bobbens
Lair:3:   minivault_24, st_stairs_10, beast_lair_carwin_1, lemuel_fruit_fields
Lair:4:   dummy_snake_entry, serial_bayou_shore_b
Lair:5:   bh_chokoban, zaba_anthell
Lair:6:   evilmike_catoblepas_cave, slime_dummy, basic_altar, uniq_maud
Shoals:1: uniq_josephine
Shoals:2: uniq_donald
Shoals:3: serial_shops, nicolae_shop_behind_doors
Shoals:4: shoals_end_grunt_garden, shoal_ilsuiw
Snake:1:  serial_shops, statue_bzr, special_room, nicolae_snake_linked_coils,
          basic_loot_grate_trap
Snake:2:  serial_shops, shop_fountains, grunt_megastairs_3
Snake:3:  serial_bayou_shore_b, uniq_vashnia, uniq_mara
Snake:4:  johnstein_snake_rune_scales
Orc:1:    portal_ice_cave_rime
Orc:2:    grunt_orc_gardens, grunt_orc_garden, grunt_orc_garden,
          grunt_orc_garden, grunt_orc_garden, lab_entry_generic, serial_shops,
          nicolae_shop_statue_plus
Elf:1:    eino_elf_arrival_sip, hangedman_elf_disciples, corner_web_ring
Elf:3:    grunt_elf_hall_diamonds, serial_shops, nicolae_shop_waterfront
Lab:      labyrinth_watery
Ossuary:  ossuary_minmay_tomb_2a
Bailey:   bailey_axe_2, bailey
IceCv:    ice_cave_caverns_03

Skill      XL: |  1  2  3  4  5  6  7  8  9 10 11 12 13 14 15 16 17 18 19 20 |
---------------+-------------------------------------------------------------+-----
Unarmed Combat | 3 4 6 7 8 9 11 12 13 15 16 17 19 20 | 20.0
Shields        | 4 7 9 11 13 15 | 15.0
Armour         | 3 4 5 7 9 10 12 13 14 17 | 17.0
Fighting       | 7 10 13 15 17 | 17.1
Invocations    | 5 9 11 | 11.1
Dodging        | 6 |  6.2

Action                   |  1- 3 |  4- 6 |  7- 9 | 10-12 | 13-15 | 16-18 | 19-21 || total
-------------------------+-------+-------+-------+-------+-------+-------+-------++-------
Melee: Unarmed           |   113 |   109 |   400 |   684 |  1650 |  2076 |  1417 ||  6449
Invok: Lesser Servant of |       |       |       |       |     3 |     3 |     1 ||     7
  Use: Scroll            |     3 |     7 |     3 |    10 |    11 |    18 |     4 ||    56
       Potion            |       |       |       |     1 |     4 |     6 |     1 ||    12
 Stab: Petrified         |       |       |       |       |     1 |       |       ||     1
       Distracted        |       |       |       |       |     1 |     1 |       ||     2
  Eat: Chunk             |     3 |    10 |    30 |    60 |    74 |    84 |    47 ||   308
       Pizza             |       |     1 |       |       |       |       |       ||     1
Armor: Scale mail        |    39 |    31 |     4 |       |       |       |       ||    74
       Plate armour      |       |       |   169 |   293 |   104 |       |       ||   566
       Gold dragon armou |       |       |       |       |   556 |  1068 |   479 ||  2103
Dodge: Dodged            |    27 |    27 |    54 |   104 |   192 |   464 |   268 ||  1136
Block: Shield            |    54 |    43 |   150 |   328 |   779 |  1362 |   768 ||  3484
       Reflection        |       |       |       |       |       |    54 |    72 ||   126
